 Dungeon Crawl Stone Soup version 0.27.0 (webtiles) character file.

Game seed: 15700762793362657832

44291 Crownlay the Frost Mage (level 14, -5/108 HPs)
             Began as a Gnoll Ice Elementalist on July 29, 2021.
             Was a High Priest of Uskayaw.
             Slain by an enormous slime creature (58 damage)
             ... on level 14 of the Dungeon on July 30, 2021.
             The game lasted 00:52:58 (15351 turns).

Crownlay the Frost Mage (Gnoll Ice Elementalist)   Turns: 15351, Time: 00:52:59

Health: -5/108     AC: 26    Str:  4    XL:     14   Next: 28%
Magic:  22/28      EV: 11    Int: 23    God:    Uskayaw [*****.]
Gold:   829        SH:  0    Dex: 12    Spells: 22/33 levels left

rFire    . . .     SeeInvis .   F - +4 long sword of Articulation {vorpal, rN++ Str-4}
rCold    . . .     Faith    .   (no shield)
rNeg     + + .     Spirit   .   B - +1 swamp dragon scales
rPois    +         Reflect  .   l - +1 helmet
rElec    .         Harm     .   i - +0 cloak of the Serpent {rC- Regen+ rCorr Int+3}
rCorr    +         Rampage  .   (no gloves)
Will     +....                  L - +0 pair of boots
Stlth    ++++......             (no amulet)
HPRegen  1.28/turn              y - +4 ring of protection
MPRegen  0.21/turn              d - ring of protection from cold

@: ice-armoured, freezing walls
A: fangs 1, strong nose, distributed training
a: Renounce Religion, Stomp, Line Pass, Grand Finale


You were on level 14 of the Dungeon.
You worshipped Uskayaw.
Uskayaw was aware of your devotion.
You visited 2 branches of the dungeon, and saw 15 of its levels.

You collected 862 gold pieces.
You spent 33 gold pieces at shops.

Inventory:

Hand Weapons
 b - a +1 dagger of speed
 A - a +1 long sword of flaming
 F - the +4 long sword of Articulation (weapon) {vorpal, rN++ Str-4}
   (You found it on level 8 of the Dungeon)

   It inflicts extra damage upon your enemies.
   Str:       It affects your strength (-4).
   rN:        It greatly protects you from negative energy.
Missiles
 h - 3 throwing nets
 u - 6 boomerangs (quivered)
 M - 5 javelins
Armour
 i - the +0 cloak of the Serpent (worn) {rC- Regen+ rCorr Int+3}
   (You found it on level 10 of the Dungeon)

   Int:       It affects your intelligence (+3).
   rC:        It makes you vulnerable to cold.
   Regen:     It increases your rate of health regeneration.
   rCorr:     It protects you from acid and corrosion.
 k - a +2 robe of positive energy
 l - a +1 helmet (worn)
 B - +1 swamp dragon scales (worn)
 L - a +0 pair of boots (worn)
Jewellery
 d - a ring of protection from cold (right hand)
 j - a +4 ring of protection
 p - a ring of positive energy
 y - a +4 ring of protection (left hand)
 D - a ring of ice
 G - a ring of poison resistance
 I - a ring of protection from cold
 O - a ring of willpower
Wands
 a - a wand of paralysis (7)
 g - a wand of flame (45)
 t - a wand of iceblast (30)
 C - a wand of acid (5)
 H - a wand of digging (12)
 S - a wand of charming (12)
Scrolls
 c - a scroll of blinking
 q - 2 scrolls of vulnerability
 r - 5 scrolls of magic mapping
 v - 4 scrolls of amnesia
 E - 7 scrolls of teleportation
 N - a scroll of torment
 P - a scroll of enchant weapon {unknown}
 Q - 3 scrolls of identify
Potions
 e - a potion of haste {unknown}
 f - 2 potions of heal wounds
 m - 8 potions of curing
 n - 2 potions of berserk rage
 o - 4 potions of might
 s - 2 potions of flight {unknown}
 w - a potion of ambrosia {unknown}
 x - 2 potions of cancellation {unknown}
 z - 2 potions of resistance {unknown}
 J - 2 potions of degeneration {unknown}
 K - a potion of mutation {unknown}
 R - 3 potions of brilliance {unknown}
 T - a potion of attraction {unknown}


   Skills:
 + Level 9.1 Fighting
 + Level 9.1 Short Blades
 + Level 9.1 Long Blades
 + Level 9.1 Axes
 + Level 9.1 Maces & Flails
 + Level 9.1 Polearms
 + Level 9.1 Staves
 + Level 9.1 Slings
 + Level 9.1 Bows
 + Level 9.1 Crossbows
 + Level 9.1 Throwing
 + Level 9.1 Armour
 + Level 10.1 Dodging
 + Level 10.0 Stealth
 + Level 9.1 Shields
 + Level 9.1 Unarmed Combat
 + Level 10.3 Spellcasting
 + Level 7.5 Conjurations
 + Level 7.5 Hexes
 + Level 7.5 Summonings
 + Level 7.5 Necromancy
 + Level 7.5 Translocations
 + Level 7.5 Transmutations
 + Level 7.5 Fire Magic
 + Level 10.3 Ice Magic
 + Level 7.5 Air Magic
 + Level 7.5 Earth Magic
 + Level 7.5 Poison Magic
 + Level 9.9 Invocations
 + Level 9.1 Evocations


You had 22 spell levels left.
You knew the following spells:

 Your Spells              Type           Power      Damage    Failure   Level
a - Freeze                Ice            100%       1d11      1%          1
b - Frozen Ramparts       Ice            100%       1d12      1%          3
c - Ozocubu's Armour      Ice            56%        N/A       1%          3
d - Dispel Undead         Necr           46%        3d18      10%         4

Your spell library contained the following spells:

 Spells                   Type           Power      Damage    Failure   Level
 Beastly Appendage        Tmut           92%        N/A       1%          1
 Corona                   Hex            51%        N/A       1%          1
 Ensorcelled Hibernation  Hex/Ice        100%       N/A       1%          2
 Slow                     Hex            46%        N/A       1%          2
 Static Discharge         Conj/Air       46%        N/A       1%          2
 Sublimation of Blood     Necr           23%        N/A       1%          2
 Wereblood                Tmut           46%        N/A       1%          2
 Confusing Touch          Hex            46%        N/A       3%          3
 Inner Flame              Hex/Fire       46%        N/A       3%          3
 Spider Form              Tmut/Pois      23%        N/A       3%          3
 Tukima's Dance           Hex            46%        N/A       3%          3
 Vampiric Draining        Necr           23%        2d9       3%          3
 Hailstorm                Conj/Ice       52%        3d12      6%          4
 Cause Fear               Hex            23%        N/A       10%         4
 Sticky Flame             Conj/Fire      46%        2d6       10%         4
 Fireball                 Conj/Fire      23%        3d11      28%         5
 Iskenderun's Battlesphe  Conj           46%        2d10      28%         5
 Conjure Ball Lightning   Conj/Air       23%        3x3d6     83%         6
 Orb of Destruction       Conj           23%        9d10      100%        7
 Summon Hydra             Summ           23%        N/A       100%        7
 Discord                  Hex            23%        N/A       100%        8


Dungeon Overview and Level Annotations

Branches:
Dungeon (14/15)            Temple (1/1) D:5            Lair (0/6) D:10
    Orc (0/2) D:9          Vaults (0/5) D:14

Altars:
Ashenzari
Dithmenos
Elyvilon
Fedhas
Gozag
Hepliaklqana
Kikubaaqudgha
Makhleb
Nemelex Xobeh
Okawaru
Qazlal
Ru
Sif Muna
Trog
Uskayaw
Vehumet
Wu Jian
Xom
The Shining One
Beogh

Shops:
D:1 =   D:3 [   D:6 !   D:8 [

Annotations:
D:13 2 transporters, HilariousDeathArtist's ghost, journeyman VSBe


Innate Abilities, Weirdness & Mutations

You have very sharp teeth.
Your uncanny sense of smell can sniff out nearby items.
Your experience applies equally to all skills.


Message History

The very large slime creature closely misses you.
The wall freezes the slime creature!
Two slime creatures merge to form an enormous slime creature.
You slash the enormous slime creature!
You bite the enormous slime creature, but do no damage.
The enormous slime creature is severely wounded.
You slash the enormous slime creature!
The enormous slime creature is severely wounded.
Unknown command.
You completely miss the enormous slime creature.
The enormous slime creature is severely wounded.
The wall freezes the enormous slime creature!
The enormous slime creature hits you!!!
Ouch! That really hurt!
You slash the enormous slime creature!
The enormous slime creature is severely wounded.
The frozen ramparts melt away.
The enormous slime creature barely misses you.
You riposte.
You hit the enormous slime creature.
You bite the enormous slime creature, but do no damage.
The enormous slime creature is severely wounded.
Casting: Frozen Ramparts (safe; 1% risk of failure)
Confirm with . or Enter, or press ? or * to list all spells.
Casting: Frozen Ramparts (safe; 1% risk of failure)
Press: ? - help, Dir - look around, f - activate The walls around you are covered in ice.
The enormous slime creature is no longer sharing its pain.
The wall freezes the enormous slime creature!
The enormous slime creature closely misses you.
You hit the enormous slime creature.
The enormous slime creature is almost dead.
The wall freezes the enormous slime creature!
The enormous slime creature hits you but does no damage.
You can now merge with and destroy a victim.
You hit the enormous slime creature.
The enormous slime creature is almost dead.
The wall freezes the enormous slime creature!
The enormous slime creature hits you!!!
Ouch! That really hurt!
You die...

### [.# ##....... ...
###.......# #.#
.........# #.#
####.......# #.#
..........<# #J#
............# #@#
^........#..####.#
##.##.......>....#####.
##.####..#..###........
#........#..###..####..
.........#.............
.........#>####..#.....
................###...#
#.......##.#...#+ #..#


You could see an enormous slime creature.

Vanquished Creatures
  Snorg (D:13)
  A rakshasa (D:13)
  Harold (D:7)
  A hydra (D:14)
  4 vault guards (D:14)
  5 boulder beetles
  2 ogre magi (D:13)
  A death knight (D:12)
  4 centaur warriors
  2 tengu warriors (D:11)
  3 two-headed ogres
  The ghost of RandomHacker the Firebug, a novice DrFE of Xom (D:7)
  An orc knight (D:13)
  Pikel (D:4)
  4 deep elf pyromancers
  A wolf spider (D:13)
  10 ugly things
  A salamander (shapeshifter) (D:13)
  4 cyclopes
  6 manticores
  A black mamba (shapeshifter) (D:13)
  Maurice (D:8)
  Maggie (D:8)
  2 gargoyles
  A yaktaur (D:13)
  6 trolls
  3 hornets
  11 slime creatures
  Sigmund (D:3)
  A wyvern (D:10)
  4 wraiths
  4 basilisks
  19 yaks
  3 vampire mosquitoes
  A steam dragon (D:8)
  An acid dragon (D:12)
  2 water moccasins
  6 orc warriors
  3 sky beasts
  An ice beast (D:6)
  A black bear (D:6)
  A necrophage (D:7)
  6 ogres
  3 centaurs
  2 wolves (D:10)
  2 phantoms
  3 gnoll sergeants
  5 kobold brigands
  A bullfrog (D:8)
  3 scorpions
  2 wyvern skeletons
  6 killer bees (D:11)
  3 howler monkeys (D:11)
  An electric eel (D:10)
  5 centaur zombies
  6 hounds
  An iguana (D:6)
  2 orc priests
  A bullfrog zombie (D:6)
  2 bullfrog skeletons
  A centaur skeleton (D:6)
  Ijyb (D:5)
  Jessica (D:3)
  A scorpion zombie (D:5)
  4 orc wizards
  2 howler monkey zombies
  18 gnolls
  A howler monkey skeleton (D:4)
  5 adders
  A shadow imp (D:5)
  A white imp (D:4)
  An ufetubus (D:4)
  2 adder skeletons
  A worm (D:5)
  24 orcs
  2 bats (D:2)
  7 endoplasms
  4 hobgoblins
  9 jackals
  5 quokkas
  7 ball pythons
  2 frilled lizards
  6 goblins
  5 kobolds
  6 rats
  A spectral hobgoblin (D:2)
300 creatures vanquished.

Notes
Turn   | Place    | Note
-------+----------+-------------------------------------------
     0 | D:1      | Crownlay the Gnoll Ice Elementalist began the quest for the
                  | Orb.
     0 | D:1      | Reached XP level 1. HP: 13/13 MP: 6/6
   160 | D:1      | Reached XP level 2. HP: 19/19 MP: 5/7
   573 | D:1      | Reached XP level 3. HP: 25/25 MP: 9/9
   582 | D:1      | Learned a level 3 spell: Frozen Ramparts
   586 | D:1      | Learned a level 3 spell: Ozocubu's Armour
   589 | D:1      | Found Yfatued's Jewellery Shoppe.
   599 | D:1      | Reached skill level 5 in Spellcasting
  1031 | D:2      | Reached skill level 1 in Invocations
  1172 | D:2      | Noticed an ogre
  1183 | D:2      | Killed an ogre
  1184 | D:2      | Reached skill level 1 in Fighting
  1184 | D:2      | Reached skill level 1 in Short Blades
  1184 | D:2      | Reached skill level 1 in Long Blades
  1184 | D:2      | Reached skill level 1 in Axes
  1184 | D:2      | Reached skill level 1 in Maces & Flails
  1184 | D:2      | Reached skill level 1 in Polearms
  1184 | D:2      | Reached skill level 1 in Staves
  1184 | D:2      | Reached skill level 1 in Slings
  1184 | D:2      | Reached skill level 1 in Bows
  1184 | D:2      | Reached skill level 1 in Crossbows
  1184 | D:2      | Reached skill level 1 in Throwing
  1184 | D:2      | Reached skill level 1 in Armour
  1184 | D:2      | Reached skill level 1 in Shields
  1184 | D:2      | Reached skill level 1 in Unarmed Combat
  1184 | D:2      | Reached skill level 1 in Conjurations
  1184 | D:2      | Reached skill level 1 in Hexes
  1184 | D:2      | Reached skill level 1 in Summonings
  1184 | D:2      | Reached skill level 1 in Necromancy
  1184 | D:2      | Reached skill level 1 in Translocations
  1184 | D:2      | Reached skill level 1 in Transmutations
  1184 | D:2      | Reached skill level 1 in Fire Magic
  1184 | D:2      | Reached skill level 1 in Air Magic
  1184 | D:2      | Reached skill level 1 in Earth Magic
  1184 | D:2      | Reached skill level 1 in Poison Magic
  1184 | D:2      | Reached skill level 1 in Evocations
  1184 | D:2      | Reached XP level 4. HP: 32/32 MP: 3/11
  1184 | D:2      | Reached XP level 5. HP: 37/37 MP: 3/12
  1315 | D:2      | Found a faded altar of an unknown god.
  2022 | D:3      | Noticed Sigmund
  2039 | D:3      | Killed Sigmund
  2040 | D:3      | Reached skill level 5 in Dodging
  2040 | D:3      | Reached XP level 6. HP: 26/44 MP: 1/14
  2181 | D:3      | Found Zeusops's Armour Boutique.
  2372 | D:3      | Noticed Jessica
  2380 | D:3      | Killed Jessica
  2869 | D:4      | Reached XP level 7. HP: 50/50 MP: 3/15
  3520 | D:5      | Entered Level 5 of the Dungeon
  3557 | D:5      | Noticed Pikel
  3593 | D:4      | Killed Pikel
  3594 | D:4      | Reached skill level 5 in Stealth
  3594 | D:4      | Reached XP level 8. HP: 26/58 MP: 0/17
  4037 | D:5      | Found a staircase to the Ecumenical Temple.
  4059 | D:5      | Noticed Ijyb
  4064 | D:5      | Killed Ijyb
  4078 | Temple   | Entered the Ecumenical Temple
  4225 | Temple   | Became a worshipper of Uskayaw the Reveller
  4359 | D:5      | Found a radiant altar of Vehumet.
  4361 | D:5      | Found a broken altar of Ashenzari.
  4361 | D:5      | Found a stormy altar of Qazlal.
  4375 | D:5      | Reached * piety under Uskayaw
  4542 | D:5      | Found a sacrificial altar of Ru.
  4700 | D:5      | Reached ** piety under Uskayaw
  4711 | D:5      | Reached *** piety under Uskayaw
  5161 | D:6      | Reached XP level 9. HP: 54/65 MP: 10/18
  5166 | D:6      | Learned a level 4 spell: Dispel Undead
  5450 | D:6      | Reached **** piety under Uskayaw
  5459 | D:6      | Reached ***** piety under Uskayaw
  6263 | D:6      | Found Tysuasall's Distillery.
  6267 | D:6      | Bought a potion of curing for 33 gold pieces
  6771 | D:7      | Reached skill level 5 in Invocations
  7046 | D:7      | Found a runed translucent gate.
  7046 | D:7      | Found a runed translucent gate.
  7051 | D:7      | Found a runed translucent gate.
  7053 | D:7      | Noticed RandomHacker's ghost (novice DrFE)
  7054 | D:7      | Identified the +3 chain mail of Activism {+Blink}
  7089 | D:7      | Reached XP level 10. HP: 54/73 MP: 11/20
  7106 | D:7      | Reached ****** piety under Uskayaw
  7111 | D:7      | Killed RandomHacker's ghost
  7112 | D:7      | Reached skill level 5 in Fighting
  7112 | D:7      | Reached skill level 5 in Short Blades
  7112 | D:7      | Reached skill level 5 in Long Blades
  7112 | D:7      | Reached skill level 5 in Axes
  7112 | D:7      | Reached skill level 5 in Maces & Flails
  7112 | D:7      | Reached skill level 5 in Polearms
  7112 | D:7      | Reached skill level 5 in Staves
  7112 | D:7      | Reached skill level 5 in Slings
  7112 | D:7      | Reached skill level 5 in Bows
  7112 | D:7      | Reached skill level 5 in Crossbows
  7112 | D:7      | Reached skill level 5 in Throwing
  7112 | D:7      | Reached skill level 5 in Armour
  7112 | D:7      | Reached skill level 5 in Shields
  7112 | D:7      | Reached skill level 5 in Unarmed Combat
  7112 | D:7      | Reached skill level 5 in Evocations
  8090 | D:7      | Noticed Harold
  8113 | D:7      | Killed Harold
  8491 | D:8      | Noticed Maggie
  8501 | D:8      | Killed Maggie
  8592 | D:8      | Found Waopeth's Armour Shoppe.
  9314 | D:8      | Identified the +4 long sword of Articulation {vorpal, rN++
                  | Str-4}
  9799 | D:8      | Noticed Maurice
  9810 | D:8      | Killed Maurice
  9811 | D:8      | Reached XP level 11. HP: 81/81 MP: 16/22
 10012 | D:9      | Reached skill level 5 in Conjurations
 10012 | D:9      | Reached skill level 5 in Hexes
 10012 | D:9      | Reached skill level 5 in Summonings
 10012 | D:9      | Reached skill level 5 in Necromancy
 10012 | D:9      | Reached skill level 5 in Translocations
 10012 | D:9      | Reached skill level 5 in Transmutations
 10012 | D:9      | Reached skill level 5 in Fire Magic
 10012 | D:9      | Reached skill level 5 in Air Magic
 10012 | D:9      | Reached skill level 5 in Earth Magic
 10012 | D:9      | Reached skill level 5 in Poison Magic
 10835 | D:9      | Found a staircase to the Orcish Mines.
 10883 | D:10     | Entered Level 10 of the Dungeon
 11377 | D:10     | Identified the +0 cloak of the Serpent {rC- Regen+ rCorr
                  | Int+3}
 11387 | D:10     | Upgraded the game from 0.27-b1-42-g19c61b19a5 to 0.27.0
 11636 | D:10     | Found a staircase to the Lair.
 11843 | D:11     | Noticed a boulder beetle
 11872 | D:11     | Killed a boulder beetle
 12055 | D:11     | Noticed a tengu warrior
 12059 | D:11     | Noticed a tengu warrior
 12068 | D:11     | Killed a tengu warrior
 12070 | D:11     | Killed a tengu warrior
 12071 | D:11     | Reached XP level 12. HP: 16/89 MP: 16/24
 12145 | D:11     | Noticed a boulder beetle
 12427 | D:11     | Killed a boulder beetle
 13088 | D:12     | Noticed a two-headed ogre
 13097 | D:12     | Killed a two-headed ogre
 13124 | D:12     | Noticed a boulder beetle
 13140 | D:12     | Killed a boulder beetle
 13711 | D:12     | Noticed a death knight
 13726 | D:12     | Killed a death knight
 13980 | D:13     | Found a transporter.
 13980 | D:13     | Noticed a death knight
 13980 | D:13     | Noticed HilariousDeathArtist's ghost (journeyman VSBe)
 13981 | D:13     | Noticed a stone giant
 13983 | D:13     | Noticed a centaur warrior
 14104 | D:13     | Found a transporter.
 14162 | D:13     | Noticed a centaur warrior
 14163 | D:13     | Noticed an ogre mage
 14165 | D:13     | Noticed an ogre mage
 14165 | D:13     | Noticed a centaur warrior
 14166 | D:13     | Noticed a boulder beetle
 14170 | D:13     | Killed an ogre mage
 14170 | D:13     | Killed an ogre mage
 14170 | D:13     | Killed a centaur warrior
 14170 | D:13     | Noticed a rakshasa
 14171 | D:13     | Reached XP level 13. HP: 72/98 MP: 19/26
 14196 | D:13     | Killed a rakshasa
 14339 | D:13     | Noticed Snorg
 14351 | D:13     | Killed Snorg
 14354 | D:13     | Reached skill level 10 in Ice Magic
 15008 | D:14     | Found a gate to the Vaults.
 15008 | D:14     | Noticed a vault guard
 15008 | D:14     | Noticed a vault guard
 15008 | D:14     | Noticed a vault guard
 15008 | D:14     | Noticed a vault guard
 15025 | D:14     | Killed a vault guard
 15026 | D:14     | Reached skill level 10 in Spellcasting
 15027 | D:14     | Killed a vault guard
 15033 | D:14     | Killed a vault guard
 15033 | D:14     | Killed a vault guard
 15034 | D:14     | Reached skill level 10 in Dodging
 15034 | D:14     | Reached XP level 14. HP: 59/106 MP: 16/28
 15246 | D:14     | Reached skill level 10 in Stealth
 15351 | D:14     | Slain by an enormous slime creature

Illustrated notes

Levels and vault maps discovered:
D:1:      onia_arrival_handbag, layout_rooms, serial_shops, shop,
          hangedman_glass_teeth, chequers_serial_rivers_marsh,
          roderic_serpentine_path
D:2:      layout_loops_ring, dreamdust_ecumenical_altar_drowned_temple
D:3:      layout_basic, serial_shops, shop_statue, st_stairs_11,
          minmay_misc_feat_columns, hangedman_decor_peaks_small, uniq_jessica,
          uniq_sigmund
D:4:      layout_loops_ring
D:5:      layout_loops_cross, lemuel_tele_altar,
          gammafunk_temple_overflow_forgotten, minmay_temple_entry_large_hall,
          dk_noncrumbling_3, uniq_pikel, uniq_ijyb
D:6:      layout_basic, serial_shops, nicolae_shop_behind_doors
D:7:      layout_cave_pods, biasface_ghost_orc_armoury, uniq_harold
D:8:      layout_layer_cave, serial_shops, nicolae_inconvenience_store,
          nicolae_benzene_ring, uniq_maurice, uniq_maggie
D:9:      layout_basic, kennysheep_orc_monster_closet_entryway,
          chequers_serial_rivers_room_b
D:10:     layout_cave_pools, erik_lair_island
D:11:     layout_cave_pods
D:12:     layout_irregular_city
D:13:     layout_rooms, gammafunk_ghost_arena, minivault_28, uniq_snorg
D:14:     layout_loops_ring, lightli_vaults_fourway_checkpoint,
          nemelex_diamond_rough_becter
Temple:   hc_temple_tempest_star

Skill      XL: |  1  2  3  4  5  6  7  8  9 10 11 12 13 14 |
---------------+-------------------------------------------+-----
Spellcasting   | 5 6 7 8 9 10 | 10.3
Invocations    | 1 2 3 4 5 6 7 8 9 |  9.9
Fighting       | 1 2 3 4 5 6 8 9 |  9.1
Short Blades   | 1 2 3 4 5 6 8 9 |  9.1
Long Blades    | 1 2 3 4 5 6 8 9 |  9.1
Axes           | 1 2 3 4 5 6 8 9 |  9.1
Maces & Flails | 1 2 3 4 5 6 8 9 |  9.1
Polearms       | 1 2 3 4 5 6 8 9 |  9.1
Staves         | 1 2 3 4 5 6 8 9 |  9.1
Slings         | 1 2 3 4 5 6 8 9 |  9.1
Bows           | 1 2 3 4 5 6 8 9 |  9.1
Crossbows      | 1 2 3 4 5 6 8 9 |  9.1
Throwing       | 1 2 3 4 5 6 8 9 |  9.1
Armour         | 1 2 3 4 5 6 8 9 |  9.1
Shields        | 1 2 3 4 5 6 8 9 |  9.1
Unarmed Combat | 1 2 3 4 5 6 8 9 |  9.1
Conjurations   | 1 2 3 4 5 6 7 |  7.5
Hexes          | 1 2 3 4 5 6 7 |  7.5
Summonings     | 1 2 3 4 5 6 7 |  7.5
Necromancy     | 1 2 3 4 5 6 7 |  7.5
Translocations | 1 2 3 4 5 6 7 |  7.5
Transmutations | 1 2 3 4 5 6 7 |  7.5
Fire Magic     | 1 2 3 4 5 6 7 |  7.5
Air Magic      | 1 2 3 4 5 6 7 |  7.5
Earth Magic    | 1 2 3 4 5 6 7 |  7.5
Poison Magic   | 1 2 3 4 5 6 7 |  7.5
Evocations     | 1 2 3 4 5 6 8 9 |  9.1
Dodging        | 5 6 7 8 9 10 | 10.1
Stealth        | 5 6 7 8 9 10 | 10.0
Ice Magic      | 8 9 10 | 10.3

Action                   |  1- 3 |  4- 6 |  7- 9 | 10-12 | 13-15 || total
-------------------------+-------+-------+-------+-------+-------++-------
Melee: Short sword       |    14 |       |       |       |       ||    14
       Unarmed           |     2 |       |       |       |       ||     2
       Bite              |     4 |     1 |    43 |    41 |    14 ||   103
       Dagger            |    18 |    46 |   461 |   152 |       ||   677
       Spear             |     3 |       |       |       |       ||     3
       Punch             |       |       |     5 |    10 |     3 ||    18
       Long sword        |       |       |       |   316 |   117 ||   433
Throw: Boomerang         |       |       |     1 |    86 |    22 ||   109
 Cast: Freeze            |    30 |    29 |     6 |     8 |     1 ||    74
       Frozen Ramparts   |     1 |     5 |    29 |    63 |    23 ||   121
       Ozocubu's Armour  |     1 |     5 |    18 |    34 |    13 ||    71
       Dispel Undead     |       |       |     6 |       |       ||     6
Evoke: Wand              |       |       |       |       |     3 ||     3
  Use: Potion            |       |     1 |       |     2 |       ||     3
       Scroll            |       |       |     2 |     8 |       ||    10
 Stab: Sleeping          |     4 |     5 |     8 |     7 |     1 ||    25
       Paralysed         |       |       |     6 |    27 |    11 ||    44
Armor: Robe              |     5 |    27 |   137 |     8 |       ||   177
       Swamp dragon scal |       |       |       |   312 |    59 ||   371
Dodge: Dodged            |    20 |    34 |   186 |   221 |    54 ||   515
Block: Tower shield      |       |       |       |    31 |       ||    31
       Rpst.: Long sword |       |       |       |    40 |    19 ||    59
